 Dungeon Crawl Stone Soup version 0.17-a0-1011-gfa70bdd (webtiles) character file.

41845 onwiheg the Bludgeoner (level 14, -1/92 HPs)
             Began as a Gargoyle Berserker on May 13, 2015.
             Was the Champion of Trog.
             Slain by a black mamba (2 damage)
             ... on level 8 of the Lair of Beasts.
             The game lasted 01:19:46 (16450 turns).

onwiheg the Bludgeoner (Gargoyle Berserker)        Turns: 16450, Time: 01:19:46

Health: -1/92      AC: 24    Str: 25    XL:     14   Next: 17%
Magic:  14/14      EV:  7    Int: 12    God:    Trog [******]
Gold:   1095       SH:  0    Dex: 13    Spells: 0 memorised, 13 levels left

rFire  x . .     SeeInvis .     D - +4 great mace of Insufficient Pleasure {crush, rF- rC++ Dex+4}
rCold  + + +     Clarity  .     E - +0 plate armour
rNeg   + . .     SustAb   .     (no shield)
rPois  ∞         Gourm    .     s - +1 helmet {Int+3}
rElec  +         Spirit   .     h - +0 cloak
rCorr  .         Warding  .     B - +0 pair of gloves
rMut   .         Stasis   .     (no boots)
MR     ++...                    V - amulet of regeneration
Stlth  ..........               F - ring of protection from cold
                                S - ring of protection from magic

@: very resistant to hostile enchantments, extremely unstealthy
A: big wings, negative energy resistance 1, electricity resistance, unbreathing,
petrification resistance, rot immunity, AC +9
a: Fly, Burn Spellbooks, Berserk, Trog's Hand, Brothers in Arms, Renounce
Religion


You were on level 8 of the Lair of Beasts.
You worshipped Trog.
Trog was exalted by your worship.
You were not hungry.

You visited 2 branches of the dungeon, and saw 17 of its levels.
You also visited: Sewer and Bailey.

You collected 1095 gold pieces.

Inventory:

Hand weapons
 D - the +4 great mace of Insufficient Pleasure (weapon) {crush, rF- rC++ Dex+4}
   (Trog gifted it to you on level 1 of the Lair of Beasts)

   It inflicts extra damage upon your enemies.
   It affects your dexterity (+4).
   It makes you vulnerable to fire.
   It greatly protects you from cold.
 O - a +2 great mace of draining
Armour
 h - a +0 cloak (worn)
 s - a +1 helmet of intelligence (worn)
 B - a +0 pair of gloves (worn)
 E - a +0 plate armour (worn)
 K - a +1 leather armour of poison resistance
Jewellery
 k - an uncursed ring of protection from magic
 n - an uncursed ring of sustain abilities
 F - a ring of protection from cold (right hand)
 P - an uncursed amulet of resist mutation
 S - a ring of protection from magic (left hand)
 T - an uncursed amulet of warding
 V - an amulet of regeneration (around neck)
Magical devices
 f - a wand of disintegration (14)
 q - a wand of hasting (7)
 y - a wand of cold (0)
 z - a wand of confusion (35)
 I - a wand of fireball (8)
 M - a wand of magic darts (31)
 Q - a wand of digging (16)
 R - a wand of flame (12)
 U - a wand of enslavement (17)
 X - a wand of polymorph (8)
 Y - a wand of polymorph (14)
Scrolls
 e - 2 scrolls of enchant armour
 g - 5 scrolls of teleportation
 j - 3 scrolls of remove curse
 l - a scroll of amnesia {unknown}
 m - a scroll of magic mapping
 p - 4 scrolls of fear
 r - 2 scrolls of silence {unknown}
 t - a scroll of recharging
 L - a scroll of immolation
 W - a scroll of torment {unknown}
 Z - a scroll of fog {unknown}
Potions
 i - 2 potions of flight
 v - a potion of agility {unknown}
 C - 3 potions of haste
 G - 2 potions of cancellation
 H - a potion of brilliance
 J - 10 potions of curing
 N - a potion of resistance
Books
 a - a book of Flames

   Spells                             Type                      Level
   a - Flame Tongue                   Conjuration/Fire             1
   b - Throw Flame                    Conjuration/Fire             2
   c - Conjure Flame                  Conjuration/Fire             3
   d - Inner Flame                    Hexes/Fire                   3
   e - Sticky Flame                   Conjuration/Fire             4
   f - Fireball                       Conjuration/Fire             5
   Trog disapproves of the use of such an item.
 b - a book of Summonings

   Spells                             Type                      Level
   a - Recall                         Summoning/Translocation      3
   b - Aura of Abjuration             Summoning                    5
   c - Shadow Creatures               Summoning                    5
   d - Summon Demon                   Summoning                    5
   e - Summon Forest                  Summoning/Translocation      5
   f - Summon Mana Viper              Hexes/Summoning              5
   Trog disapproves of the use of such an item.
 o - a book of the Sky

   Spells                             Type                      Level
   a - Flight                         Charms/Air                   3
   b - Airstrike                      Air                          4
   c - Silence                        Hexes/Air                    5
   d - Deflect Missiles               Charms/Air                   6
   e - Conjure Ball Lightning         Conjuration/Air              6
   f - Tornado                        Air                          9
   Trog disapproves of the use of such an item.
 x - a book of Changes

   Spells                             Type                      Level
   a - Beastly Appendage              Transmutation                1
   b - Sticks to Snakes               Transmutation                2
   c - Spider Form                    Transmutation/Poison         3
   d - Ice Form                       Ice/Transmutation            4
   e - Blade Hands                    Transmutation                5
   Trog disapproves of the use of such an item.
 A - a book of Geomancy

   Spells                             Type                      Level
   a - Sandblast                      Earth                        1
   b - Stoneskin                      Transmutation/Earth          2
   c - Passwall                       Transmutation/Earth          3
   d - Stone Arrow                    Conjuration/Earth            3
   e - Petrify                        Transmutation/Earth          4
   f - Lee's Rapid Deconstruction     Earth                        5
   Trog disapproves of the use of such an item.
Comestibles
 c - 6 bread rations
 d - 2 beef jerkies
 u - 6 meat rations
 w - 2 chunks of flesh


   Skills:
 + Level 12.2 Fighting
 - Level 20.0 Maces & Flails
 - Level 2.1 Armour
 - Level 1.5 Dodging


You had 13 spell levels left.
You didn't know any spells.

Dungeon Overview and Level Annotations

Branches:
Dungeon (9/15)             Temple (0/1) D:4            Lair (8/8) D:9
  Swamp (0/4) Lair:5        Snake (0/4) Lair:5          Orc (0/4) D:9
  Slime: Lair:6-8

Altars:
Cheibriados
Kikubaaqudgha
Nemelex Xobeh
Qazlal
Ru
Trog
Vehumet
Yredelemnul

Annotations:
Lair:6 exclusion: 4 oklob plants


Innate Abilities, Weirdness & Mutations

You are resistant to torment.
Your stone body is resilient (AC +9).
You are immune to poison.
Your large and strong wings let you fly indefinitely.
You resist negative energy.
You are resistant to electric shocks.
You can survive without breathing.
You are immune to petrification.
You are immune to rotting.


Message History

Zapping:
y - a wand of cold {zapped: 10} (will waste charges)
Press: ? - help, Shift-Dir - straight line, f - black mamba
Aim: a black mamba Nothing appears to happen.
You swing at nothing.
The black mamba bites you.
* * * LOW HITPOINT WARNING * * *
You closely miss the black mamba. The black mamba bites you.
* * * LOW HITPOINT WARNING * * *
You sock the black mamba!
The black mamba is heavily wounded.
The black mamba bites you but does no damage.
Your plate armour prevents you from hitting the black mamba.
The black mamba is heavily wounded.
The black mamba bites you!
* * * LOW HITPOINT WARNING * * *
You closely miss the black mamba.
The black mamba is heavily wounded.
The black mamba bites you but does no damage.
The black mamba bites you.
You die...

##................
#.................
#P...............
#P...............
#................
##...............
#.#.......$......
##S...............
#@#.........).....
###P.......#.P...F
##......P.##....
#P......PP...FF
#.............F
#...........PP
##...##......
##....P ##...P


You could see a black mamba.

Vanquished Creatures
  Gastronok (Lair:2)
  The ghost of Borgoz the Fighter, a powerful DsFi (Lair:4)
  Harold (Lair:1)
  3 hydras
  4 death yaks (Lair:6)
  A deep elf knight (Bailey)
  An unseen horror (D:9)
  The ghost of Hanyuu the Martial Artist, an experienced OpTm of Makhleb (Bailey)
  A lindwurm (Lair:8)
  11 elephants
  5 black mambas
  A torpor snail (Lair:3)
  8 spiny frogs
  6 komodo dragons
  A fire drake (Lair:1)
  A polar bear (Lair:8)
  A deep elf priest (Bailey)
  Grinder (D:4)
  2 wandering mushrooms
  3 giant leeches (Lair:6)
  26 blink frogs
  Sigmund (D:5)
  A wyvern (Lair:6)
  A deep elf mage (Bailey)
  2 basilisks
  24 yaks
  Eustachio (D:5)
  5 hippogriffs
  2 vampire mosquitoes (Lair:8)
  5 deep elf fighters (Bailey)
  8 wolves
  Edmund (D:4)
  A swamp worm (Lair:6)
  9 porcupines
  12 water moccasins
  2 nagas (Lair:5)
  3 phantoms
  2 orc warriors
  A black bear (Lair:3)
  A centaur (D:8)
  4 big kobolds
  12 crocodiles
  4 ogres
  16 giant frogs
  A gnoll sergeant (D:7)
  4 killer bees (D:7)
  3 scorpions
  10 wights
  4 hounds
  2 electric eels
  A centaur zombie (D:6)
  6 orc priests
  2 crimson imps
  7 hell rats (Lair:3)
  3 jellies
  A quasit (D:9)
  12 iguanas
  4 giant frog skeletons
  15 orc wizards
  Natasha (thrice) (D:2)
  4 worker ants
  13 sheep
  2 hound skeletons
  11 gnolls
  51 river rats
  9 adders
  A giant eyeball (D:9)
  A shadow imp (D:5)
  2 worms (D:2)
  8 giant geckos
  27 orcs
  17 bats
  A bat zombie (D:6)
  10 giant cockroaches
  20 goblins
  18 hobgoblins
  21 jackals
  2 quokkas (D:2)
  A giant gecko skeleton (D:4)
  5 giant newts
  20 kobolds
  23 rats
  3 fungi (D:9)
546 creatures vanquished.

Vanquished Creatures (others)
  A fungus (Lair:3)
1 creature vanquished.

Grand Total: 547 creatures vanquished

Notes
Turn   | Place    | Note
--------------------------------------------------------------
     0 | D:1      | onwiheg the Gargoyle Berserker began the quest for the Orb.
     0 | D:1      | Reached XP level 1. HP: 14/14 MP: 1/1
    58 | D:1      | Reached XP level 2. HP: 8/19 MP: 2/2
   629 | D:1      | Reached skill level 4 in Maces & Flails
   635 | D:1      | Reached XP level 3. HP: 15/23 MP: 3/3
   756 | D:1      | Acquired Trog's second power
  1419 | D:2      | Reached XP level 4. HP: 28/28 MP: 4/4
  1440 | D:2      | Noticed Natasha
  1450 | D:2      | Killed Natasha
  1450 | D:2      | Reached skill level 5 in Maces & Flails
  1594 | D:2      | Noticed Natasha
  1603 | D:2      | Killed Natasha
  2056 | D:2      | Found a sacrificial altar of Ru.
  2057 | D:2      | Noticed Natasha
  2068 | D:2      | Reached XP level 5. HP: 24/32 MP: 5/5
  2071 | D:2      | Killed Natasha
  2415 | D:2      | Found a snail-covered altar of Cheibriados.
  2416 | D:2      | Found a stormy altar of Qazlal.
  3059 | D:4      | Reached skill level 6 in Maces & Flails
  3120 | D:4      | Found a staircase to the Ecumenical Temple.
  3174 | D:4      | Noticed an orc warrior
  3175 | D:4      | Noticed an ogre
  3182 | D:4      | Killed an orc warrior
  3182 | D:4      | Reached skill level 7 in Maces & Flails
  3182 | D:4      | Reached XP level 6. HP: 37/37 MP: 6/6
  3192 | D:4      | Acquired Trog's third power
  3196 | D:4      | Killed an ogre
  3196 | D:4      | Reached XP level 7. HP: 41/41 MP: 7/7
  3338 | D:4      | Noticed Edmund
  3343 | D:4      | Noticed an ogre
  3348 | D:4      | Killed Edmund
  3348 | D:4      | Reached skill level 8 in Maces & Flails
  3351 | D:4      | Killed an ogre
  3410 | D:4      | Noticed Grinder
  3444 | D:4      | Killed Grinder
  3444 | D:4      | Reached skill level 9 in Maces & Flails
  3444 | D:4      | Reached XP level 8. HP: 23/46 MP: 8/8
  3480 | D:4      | Found a radiant altar of Vehumet.
  3729 | D:5      | Entered Level 5 of the Dungeon
  3729 | D:5      | Found an ancient bone altar of Kikubaaqudgha.
  3785 | D:5      | Reached skill level 10 in Maces & Flails
  4045 | D:5      | Found a glowing drain.
  4056 | Sewer    | Entered a sewer
  4488 | D:5      | Noticed Sigmund
  4526 | D:5      | Reached skill level 11 in Maces & Flails
  4550 | D:5      | Killed Sigmund
  4555 | D:5      | Reached XP level 9. HP: 51/51 MP: 9/9
  4729 | D:5      | Found a basalt altar of Yredelemnul.
  4774 | D:5      | Noticed Eustachio
  4810 | D:5      | Killed Eustachio
  4968 | D:6      | Received a gift from Trog
  5071 | D:6      | Reached skill level 12 in Maces & Flails
  5540 | D:7      | Reached skill level 13 in Maces & Flails
  5680 | D:7      | Reached XP level 10. HP: 39/56 MP: 10/10
  5801 | D:7      | Found a sparkling altar of Nemelex Xobeh.
  6034 | D:7      | Reached skill level 14 in Maces & Flails
  6132 | D:8      | Received a gift from Trog
  6852 | D:9      | Found a staircase to the Orcish Mines.
  7006 | D:9      | Killed an unseen horror
  7235 | D:9      | Found a flagged portal.
  7248 | Bailey   | Entered a bailey
  7259 | Bailey   | Reached skill level 15 in Maces & Flails
  7275 | Bailey   | Noticed Hanyuu's ghost (experienced OpTm)
  7288 | Bailey   | Killed Hanyuu's ghost
  7350 | Bailey   | Reached XP level 11. HP: 55/60 MP: 11/11
  7426 | Bailey   | Noticed a deep elf knight
  7434 | Bailey   | Killed a deep elf knight
  7434 | Bailey   | Reached skill level 16 in Maces & Flails
  7715 | D:9      | Found a staircase to the Lair.
  8535 | Lair:1   | Entered Level 1 of the Lair of Beasts
  8587 | Lair:1   | Received a gift from Trog
  8594 | Lair:1   | Got a scorched great mace {god gift}
  8595 | Lair:1   | Identified the +4 great mace of Insufficient Pleasure {crush, rF- rC++ Dex+4} (Trog gifted it to you on level 1 of the Lair of Beasts)
  8669 | Lair:1   | Noticed Harold
  8683 | Lair:1   | Killed Harold
  9148 | Lair:1   | Reached skill level 17 in Maces & Flails
 10100 | Lair:2   | Reached XP level 12. HP: 25/64 MP: 12/12
 10241 | Lair:2   | Noticed Gastronok
 10252 | Lair:2   | Killed Gastronok
 10252 | Lair:2   | Reached skill level 18 in Maces & Flails
 10325 | Lair:2   | Got a tattered robe
 10360 | Lair:1   | Identified the cursed +1 robe of Lifelessness {rElec Str+3 Dex-3 Stlth+} (You found it on level 2 of the Lair of Beasts)
 11404 | Lair:3   | Got a crystal long sword
 11414 | Lair:3   | Identified the +9 long sword "Vourhidoil" {slice, +Blink Int+6} (You found it on level 3 of the Lair of Beasts)
 11581 | Lair:3   | Noticed a seven-headed hydra
 11615 | Lair:3   | Killed a seven-headed hydra
 11662 | Lair:3   | Reached skill level 19 in Maces & Flails
 11730 | Lair:3   | Received a gift from Trog
 12245 | Lair:4   | Found a bloodstained altar of Trog.
 12469 | Lair:4   | Noticed Borgoz's ghost (powerful DsFi)
 12513 | Lair:4   | Killed Borgoz's ghost
 12716 | Lair:4   | Noticed a seven-headed hydra
 12722 | Lair:4   | Killed a seven-headed hydra
 12908 | Lair:4   | Reached XP level 13. HP: 68/68 MP: 13/13
 13209 | Lair:5   | Found a staircase to the Snake Pit.
 13559 | Lair:5   | Reached skill level 20 in Maces & Flails
 13801 | Lair:5   | Found a staircase to the Swamp.
 14256 | Lair:6   | Reached skill level 5 in Fighting
 14355 | Lair:6   | Found a staircase to the Swamp.
 14498 | Lair:6   | Received a gift from Trog
 15684 | Lair:7   | Reached skill level 10 in Fighting
 16102 | Lair:8   | Entered Level 8 of the Lair of Beasts
 16153 | Lair:8   | Noticed Nessos
 16158 | Lair:8   | Noticed Nessos
 16158 | Lair:8   | Nessos changed into Nessos the lindwurm
 16167 | Lair:8   | Killed Nessos the lindwurm
 16327 | Lair:8   | Gained mutation: Your large and strong wings let you fly indefinitely. [Gargoyle growth]
 16327 | Lair:8   | Reached XP level 14. HP: 90/90 MP: 14/14
 16449 | Lair:8   | HP: 1/92 [black mamba (9)]
 16450 | Lair:8   | Slain by a black mamba

Vault maps used:
D:1:      dpeg_arrival_pond
D:2:      lemuel_round_altar, gammafunk_temple_overflow_statue, uniq_natasha
D:3:      serial_glass, glass_columns_a, glass_columns_a, glass_columns_b,
          glass_columns_b, glass_columns_c, glass_columns_c, glass_columns_c,
          glass_columns_a, glass_columns_b, glass_columns_a, glass_columns_a,
          glass_columns_a, glass_columns_a, glass_columns_a
D:4:      lemuel_round_altar, minmay_temple_entry_glassed_door, uniq_grinder,
          uniq_edmund
D:5:      overflow_temple_1_default, gup_sewer_entry_bubbles, first_bread,
          yredelemnul_altar_generic, uniq_eustachio, uniq_sigmund
D:7:      nemelex_xobeh_ov_fountains_minmay
D:9:      nicolae_whirlpool, due_lair_maze_entry_diamond, orc_0_dummy,
          enter_bailey_3
Lair:1:   uniq_harold
Lair:2:   bh_autumn_forest_stairs, uniq_gastronok
Lair:4:   basic_altar
Lair:5:   swamp_mist_pool, guppyfry_snake_entry_garden
Lair:6:   dpeg_oklob_gauntlet, minmay_swamp_entry_worms
Lair:7:   serial_bayou_pond_b, minmay_holes
Lair:8:   minmay_lair_end_frog_pond, slime_altar_1, st_stairs_7,
          grunt_megastairs_4, uniq_nessos
Sewer:    sewer_kobold_necro_badplayer
Bailey:   bailey_polearm_3, bailey

Action                   |  1- 3 |  4- 6 |  7- 9 | 10-12 | 13-15 || total
-------------------------+-------+-------+-------+-------+-------++-------
Melee: Mace              |   147 |   218 |    10 |       |       ||   375
       Morningstar       |       |       |    29 |       |       ||    29
       Flail             |       |       |   340 |       |       ||   340
       Great mace        |       |       |   141 |   726 |   371 ||  1238
Invok: Berserk           |     2 |     2 |     2 |     3 |     1 ||    10
Evoke: Wand              |       |     1 |     1 |    11 |     3 ||    16
  Use: Scroll            |       |       |       |    18 |     4 ||    22
  Eat: Chunk             |     4 |     7 |    12 |    21 |    13 ||    57
       Fruit             |       |       |       |     1 |       ||     1
       Meat ration       |       |       |       |     1 |       ||     1
       Beef jerky        |       |       |       |       |     1 ||     1
